Map: Abiogenesis LE

Players

Slowdeath - Winner!

  • Race: Protoss Protoss
  • Spawn Location: 5:00

Vladimir

  • Race: Protoss Protoss
  • Spawn Location: 11:00

VOD

Have the link to the VOD?

Description

Time

  • Played on: Feb. 23, 2018, 7:53 a.m.
  • Length: 13:15
Show
View Real Time Build Order
Export as new Build Order

Slowdeath Protoss - Winner!

Build Orders: 1 Gate Expand, Oracle Opening 

Get SALT Encoding   

  12  0:01  Probe  
  13  0:13  Probe  
  14  0:20  Pylon  
  14  0:25  Probe  
  15  0:39  Gateway  
  15  0:40  Probe (Chrono Boost)  
  16  0:49  Assimilator  
  17  0:51  Probe (Chrono Boost)  
  17  0:56  Probe (Chrono Boost)  
  18  1:06  Probe (Chrono Boost)  
  20  1:18  Probe (Chrono Boost)  
  20  1:29  Nexus  
  20  1:40  Cybernetics Core  
  20  1:44  Probe  
  21  1:48  Assimilator  
  21  1:56  Probe  
  22  2:03  Pylon  
  23  2:08  Probe  
  23  2:19  Stalker (Chrono Boost)  
  23  2:20  Warp Gate (Chrono Boost)  
  25  2:33  Gateway  
  25  2:34  Gateway  
  25  2:42  Probe (Chrono Boost)  
  27  2:51  Probe (Chrono Boost)  
  27  2:55  Stargate  
  27  2:56  Probe (Chrono Boost)  
  28  3:08  Probe  
  28  3:10  Robotics Facility  
  29  3:18  Stalker  
  31  3:20  Probe  
  31  3:24  Sentry  
  34  3:32  Probe (Chrono Boost)  
  35  3:36  Shield Battery  
  35  3:44  Probe (Chrono Boost)  
  37  3:51  Probe (Chrono Boost)  
  37  3:52  Probe (Chrono Boost)  
  38  3:56  Oracle (Chrono Boost)  
  38  3:57  Probe  
  38  3:58  Probe  
  43  4:03  Assimilator  
  43  4:07  Assimilator  
  43  4:09  Probe  
  44  4:11  Probe  
  44  4:13  Observer  
  46  4:25  Pylon  
  46  4:28  Pylon  
  46  4:31  Pylon  
  46  4:39  Forge  
  46  4:43  Immortal, Probe  
  51  5:04  Stalker x2  
  51  5:05  Stalker  
  57  5:08  Phoenix  
  57  5:10  Probe (Chrono Boost)  
  60  5:17  Pylon  
  60  5:20  Protoss Ground Armor Level 1, Probe (Chrono Boost)  
  61  5:24  Probe (Chrono Boost)  
  62  5:33  Phoenix  
  64  5:36  Probe  
  64  5:37  Stalker x2  
  69  5:43  Shield Battery  
  69  5:48  Probe  
  70  5:56  Gateway x2  
  70  6:00  Probe  
  68  6:12  Probe  
  68  6:16  Photon Cannon  
  69  6:24  Probe  
  69  6:25  Stalker x2  
  74  6:29  Nexus  
  74  6:33  Pylon  
  74  6:36  Observer, Pylon  
  74  6:37  Stalker  
  76  6:50  Forge  
  70  7:21  Protoss Ground Weapons Level 1 (Chrono Boost)  
  70  7:25  Pylon  
  70  7:29  Pylon  
  70  7:41  Probe (Chrono Boost)  
  70  7:42  Twilight Council  
  70  7:43  Stalker  
  70  7:44  Stalker x2  
  75  7:50  Probe (Chrono Boost)  
  78  7:55  Probe (Chrono Boost)  
  79  8:07  Probe  
  79  8:08  Gateway x2  
  79  8:09  Stalker x2  
  79  8:10  Stalker, Gateway  
  86  8:18  Protoss Ground Armor Level 2 (Chrono Boost)  
  86  8:19  Probe (Chrono Boost)  
  87  8:23  Templar Archives  
  87  8:27  Immortal (Chrono Boost)  
  87  8:31  Probe (Chrono Boost)  
  92  8:38  Probe (Chrono Boost)  
  93  8:43  Pylon  
  93  8:45  Phoenix, Probe  
  93  8:47  Pylon  
  96  8:50  Pylon  
  96  8:54  Pylon  
  96  8:58  Stalker, Probe  
  96  8:59  Sentry x2, Immortal  
  107  9:03  Stalker  
  109  9:25  Stalker  
  111  9:34  Probe (Chrono Boost)  
  111  9:37  Probe (Chrono Boost)  
  114  9:38  Observer  
  114  9:44  Probe (Chrono Boost)  
  116  9:46  Probe (Chrono Boost)  
  116  9:50  Probe (Chrono Boost)  
  116  9:51  Probe (Chrono Boost)  
  117  9:59  High Templar, Protoss Ground Weapons Level 2  
  118  10:00  High Templar, Probe  
  118  10:02  Assimilator, Probe  
  118  10:06  Assimilator, Zealot x2  
  126  10:12  Probe  
  127  10:15  Charge (Chrono Boost), Probe  
  128  10:21  Zealot x3  
  128  10:22  Zealot  
  136  10:30  Probe (Chrono Boost)  
  137  10:39  Pylon  
  137  10:40  Probe (Chrono Boost)  
  137  10:42  Pylon  
  137  10:44  Pylon  
  137  10:45  Probe (Chrono Boost)  
  137  10:47  Pylon  
  138  10:50  High Templar x3  
  138  10:51  Pylon  
  138  10:54  Archon x2  
  138  10:55  Pylon  
  138  10:56  Probe  
  145  10:58  Pylon  
  145  11:03  Zealot  
  145  11:04  Zealot x4  
  151  11:07  Warp Prism  
  151  11:08  Probe  
  158  11:24  Sentry  
  158  11:25  Sentry x2  
  162  11:26  Zealot x2  
  162  11:27  Zealot x3  
  174  11:37  Probe  
  175  11:49  Probe  
  175  11:52  Zealot x4  
  175  11:53  Zealot x3  
  190  11:54  Stalker  
  190  12:01  Probe  
  156  12:45  Zealot x2  
  156  12:46  Zealot  
  156  12:47  Zealot x2  
  156  12:48  Zealot x3  
Show
View Real Time Build Order
Export as new Build Order

Vladimir Protoss 

Build Orders:  

Get SALT Encoding   

  12  0:41  Probe (Chrono Boost)  
  13  0:50  Pylon  
  13  0:52  Probe (Chrono Boost)  
  13  0:56  Pylon  
  14  1:00  Probe (Chrono Boost)  
  15  1:09  Assimilator  
  16  1:11  Probe (Chrono Boost)  
  16  1:14  Assimilator  
  16  1:16  Probe (Chrono Boost)  
  17  1:19  Gateway  
  17  1:26  Gateway  
  17  1:41  Probe  
  18  1:53  Probe  
  19  2:05  Probe  
  19  2:06  Pylon  
  20  2:28  Cybernetics Core  
  20  2:35  Forge  
  20  2:52  Probe  
  20  2:58  Nexus  
  21  3:04  Probe  
  22  3:09  Pylon  
  22  3:16  Probe  
  23  3:22  Stalker  
  23  3:25  Warp Gate  
  25  3:35  Stargate  
  25  3:36  Stargate  
  25  3:46  Pylon  
  25  3:49  Pylon  
  25  3:53  Assimilator  
  25  3:54  Stalker  
  27  3:58  Assimilator  
  27  4:06  Photon Cannon  
  27  4:21  Oracle  
  30  4:27  Probe  
  31  4:36  Oracle  
  35  4:46  Probe (Chrono Boost)  
  35  4:47  Probe (Chrono Boost)  
  36  4:58  Probe (Chrono Boost)  
  36  5:02  Probe (Chrono Boost)  
  37  5:07  Phoenix  
  39  5:21  Pylon  
  39  5:22  Pylon  
  39  5:27  Robotics Facility  
  39  5:33  Probe (Chrono Boost)  
  40  5:40  Photon Cannon  
  41  5:43  Probe (Chrono Boost)  
  41  5:46  Photon Cannon  
  41  5:48  Probe (Chrono Boost)  
  42  6:09  Stalker  
  44  6:17  Twilight Council  
  44  6:25  Stargate  
  45  6:26  Stargate, Observer  
  45  6:44  Probe (Chrono Boost)  
  46  6:54  Probe (Chrono Boost)  
  47  6:59  Probe (Chrono Boost)  
  45  7:10  Probe  
  43  7:15  Phoenix x2  
  43  7:18  Phoenix  
  43  7:20  Phoenix  
  43  7:22  Probe  
  52  7:23  Protoss Air Weapons Level 1 (Chrono Boost)  
  52  7:32  Stalker  
  54  7:37  Warp Prism  
  54  7:41  Probe (Chrono Boost)  
  58  7:51  Probe (Chrono Boost)  
  58  7:52  Pylon  
  58  7:55  Dark Shrine  
  58  7:56  Probe (Chrono Boost)  
  59  8:05  Fleet Beacon  
  59  8:07  Probe  
  59  8:10  Phoenix  
  62  8:19  Probe (Chrono Boost)  
  63  8:32  Probe (Chrono Boost)  
  64  8:38  Probe (Chrono Boost)  
  64  8:40  Nexus  
  65  8:43  Stalker  
  65  8:48  Probe (Chrono Boost)  
  68  8:54  Mothership (Chrono Boost)  
  76  9:08  Observer  
  77  9:12  Protoss Air Armor Level 1 (Chrono Boost)  
  77  9:29  Immortal  
  77  9:30  Stalker  
  83  9:33  Anion Pulse-Crystals  
  83  9:45  Pylon  
  83  9:49  Pylon  
  83  9:51  Assimilator  
  83  9:53  Probe (Chrono Boost)  
  83  9:56  Assimilator  
  84  10:02  Stalker  
  84  10:03  Probe (Chrono Boost)  
  87  10:12  Probe (Chrono Boost)  
  88  10:14  Carrier  
  95  10:24  Probe (Chrono Boost)  
  95  10:25  Probe (Chrono Boost)  
  96  10:32  Probe (Chrono Boost)  
  96  10:33  Probe (Chrono Boost)  
  98  10:37  Graviton Catapult  
  98  10:40  Probe x2 (Chrono Boost)  
  100  10:45  Probe  
  100  10:47  Robotics Bay  
  101  10:54  Templar Archives  
  101  10:58  Probe  
  102  11:12  Phoenix  
  104  11:20  Probe (Chrono Boost)  
  105  11:30  Probe (Chrono Boost)  
  105  11:35  Probe (Chrono Boost)  
  106  11:43  Immortal  
  117  11:47  Probe  
  117  11:59  Tempest (Chrono Boost), Probe  
  124  12:10  Stalker  
Tags
 
Add a new tag
Caveats
  • Supply blocks, unpowered buildings, or Contaminate may cause inaccurate times.
  • Supply counts are checked every 10 seconds.